 Dungeon Crawl Stone Soup version 0.26.1-2-gb8aa6d0cf2 (webtiles) character file.

Game seed: 13691616284156614062

38940 KamiKatze the Frost Mage (level 14, -4/98 HPs)
             Began as a Merfolk Ice Elementalist on Feb 12, 2021.
             Was a High Priest of Vehumet.
             Slain by an orc warrior
             ... wielding a +0 flail
             ... led by an orc warlord
              (9 damage)
             ... on level 2 of the Orcish Mines on Feb 13, 2021.
             The game lasted 02:27:37 (24714 turns).

KamiKatze the Frost Mage (MfIE)                    Turns: 24714, Time: 02:27:38

Health: -4/98      AC:  9    Str:  7    XL:     14   Next: 4%
Magic:  6/39       EV: 16    Int: 26    God:    Vehumet [*****.]
Gold:   1435       SH:  0    Dex: 14    Spells: 10/37 levels left

rFire    + . .     SeeInvis .   a - +1 spear (vamp)
rCold    + . .     Faith    .   (no shield)
rNeg     . . .     Spirit   .   R - +2 robe {rC+}
rPois    .         Reflect  .   x - +1 helmet {Int+3}
rElec    +         Harm     .   w - +0 cloak
rCorr    .         Rampage  .   (no gloves)
Will     +....                  L - +1 pair of boots
Stlth    ++++......             (no amulet)
HPRegen  0.26/turn              F - ring of magical power
MPRegen  0.26/turn              E - ring of the Bull {rElec rF+ Str-2 Int+4 Stlth+}

@: no status effects
A: change form in water, swift swim, stealthy swim
a: Renounce Religion


You were on level 2 of the Orcish Mines.
You worshipped Vehumet.
Vehumet was extremely pleased with you.
You visited 4 branches of the dungeon, and saw 20 of its levels.

You collected 1435 gold pieces.

Inventory:

Hand Weapons
 a - a +1 vampiric spear (weapon)
 b - a +3 mace
Missiles
 q - 3 throwing nets
 r - 22 poisoned darts (quivered)
 H - 2 curare-tipped darts
 Z - 5 atropa-tipped darts
Armour
 c - a +1 leather armour of poison resistance
 w - a +0 cloak (worn)
 x - a +1 helmet of intelligence (worn)
 D - a +0 robe of fire resistance
 L - a +1 pair of boots (worn)
 R - a +2 robe of cold resistance (worn)
Magical Staves
 J - an uncursed staff of conjuration
Jewellery
 g - an uncursed ring of positive energy
 E - the ring of the Bull (right hand) {rElec rF+ Str-2 Int+4 Stlth+}
   (You acquired it on level 6 of the Lair of Beasts)

   [ring of protection from fire]

   It affects your strength (-2).
   It affects your intelligence (+4).
   It protects you from fire.
   It insulates you from electricity.
   It makes you more stealthy.
 F - a ring of magical power (left hand)
 O - a +4 ring of evasion
Wands
 y - a wand of polymorph (10)
 A - a wand of acid (24)
 I - a wand of random effects (9)
 N - a wand of disintegration (8)
 Q - a wand of enslavement (6)
 T - a wand of iceblast (10)
 Y - a wand of digging (9)
Scrolls
 d - 5 scrolls of fog
 j - 13 scrolls of teleportation
 s - 3 scrolls of magic mapping
 t - 6 scrolls of remove curse
 U - a scroll of blinking
 V - a scroll of amnesia
Potions
 e - 5 potions of haste
 h - 4 potions of might
 k - 5 potions of heal wounds
 l - a potion of mutation {unknown}
 m - 2 potions of flight {unknown}
 n - a potion of invisibility
 o - 4 potions of brilliance
 p - 3 potions of lignification
 v - 2 potions of attraction
 z - 2 potions of ambrosia
 B - a potion of resistance
 C - 4 potions of berserk rage
 G - 4 potions of degeneration {unknown}
 M - 3 potions of curing
 S - a potion of magic
Miscellaneous
 K - a box of beasts


   Skills:
 + Level 5.5 Fighting
 - Level 4.0 Polearms
 + Level 6.6 Dodging
 - Level 4.0 Stealth
 * Level 12.1 Spellcasting
 + Level 7.2 Conjurations
 - Level 7.0 Summonings
 + Level 12.6 Ice Magic
 * Level 5.5 Air Magic
 * Level 5.4 Earth Magic
 - Level 2.0 Evocations


You had 10 spell levels left.
You knew the following spells:

 Your Spells              Type           Power        Failure   Level
a - Freeze                Ice            100%         0%          1
b - Frozen Ramparts       Ice            100%         1%          3
c - Ozocubu's Armour      Ice            69%          1%          3
d - Hailstorm             Conj/Ice       61%          1%          4
e - Summon Ice Beast      Ice/Summ       61%          1%          4
f - Freezing Cloud        Conj/Ice/Air   28%          5%          6
g - Iron Shot             Conj/Erth      24%          11%         6

Your spell library contained the following spells:

 Spells                   Type           Power        Failure   Level
 Fulminant Prism          Conj/Hex       17%          2%          4
 Magic Dart               Conj           100%         1%          1
 Summon Small Mammal      Summ           100%         1%          1
 Corpse Rot               Necr/Air       N/A          1%          2
 Ensorcelled Hibernation  Hex/Ice        96%          1%          2
 Poisonous Vapours        Pois/Air       60%          1%          2
 Conjure Flame            Conj/Fire      34%          1%          3
 Dazzling Flash           Conj/Hex       68%          1%          3
 Mephitic Cloud           Conj/Pois/Air  37%          1%          3
 Stone Arrow              Conj/Erth      96%          1%          3
 Iskenderun's Battlesphe  Conj           52%          1%          5
 Animate Skeleton         Necr           30%          3%          1
 Apportation              Tloc           30%          3%          1
 Corona                   Hex            16%          3%          1
 Pain                     Necr           60%          3%          1
 Bolt of Magma            Conj/Fire/Erth 18%          5%          5
 Metabolic Englaciation   Hex/Ice        24%          8%          5
 Confusing Touch          Hex            15%          11%         3
 Gell's Gravitas          Tloc           7%           11%         3
 Tukima's Dance           Hex            15%          11%         3
 Vampiric Draining        Necr           7%           11%         3
 Petrify                  Tmut/Erth      30%          12%         4
 Summon Forest            Summ/Tloc      16%          24%         5
 Yara's Violent Unravell  Hex/Tmut       7%           26%         5
 Animate Dead             Necr           7%           36%         4
 Orb of Destruction       Conj           26%          38%         7
 Spellforged Servitor     Conj/Summ      25%          38%         7
 Agony                    Necr           15%          71%         5
 Eringya's Noxious Bog    Tmut/Pois      7%           78%         6
 Summon Hydra             Summ           25%          87%         7
 Hydra Form               Tmut           7%           99%         6


Dungeon Overview and Level Annotations

Branches:
Dungeon (11/15)            Temple (1/1) D:5            Lair (6/6) D:9
 Shoals (0/4) Lair:3       Spider (0/4) Lair:2        Slime (0/5) Lair:5
    Orc (2/2) D:10            Elf (0/3) Orc:2

Altars:
Ashenzari
Cheibriados
Dithmenos
Elyvilon
Fedhas
Gozag
Hepliaklqana
Kikubaaqudgha
Makhleb
Nemelex Xobeh
Okawaru
Qazlal
Ru
Sif Muna
Trog
Uskayaw
Vehumet
Wu Jian
Xom
Yredelemnul
Zin
The Shining One
Beogh

Shops:
D:4 }   D:7 [   Orc:1 =   Orc:2 =

Annotations:
D:4 1 runed translucent door, exclusion: door, feorh's ghost, amateur TrBe
Lair:5 2 transporters, Luam's ghost, journeyman OpFi
Lair:6 Complete Dire Elephant vault, exclusion: 3 doors


Message History

* * * LOW HITPOINT WARNING * * *
The orc wizard gestures wildly while chanting.
The orc wizard blinks!
Your ice beast hits the orc warlord but does no damage.
An orc comes into view. It is wielding a +0 flail.
Unknown command.
The orc no longer looks unusually strong.
The orc warlord hits your ice beast with a +0 halberd!
Your ice beast hits the orc warlord but does no damage.
The orc warrior hits you with a +0 flail!
* * * LOW HITPOINT WARNING * * *
The orc warrior hits you with a +0 long sword!
* * * LOW HITPOINT WARNING * * *
Your ice beast hits the orc warlord but does no damage.
The orc warrior no longer looks unusually strong.
Your ice beast hits the orc warlord but does no damage.
The orc warlord roars a battlecry!
The orcs go into a battle-frenzy!
The orc warrior hits you with a +0 flail!
You die...

....##.†...........[......##
.........§§§.§§............#
.........§§§§§§§..........##
.#.##....ooo§§§.....[....##
#...#....○§☼§§§...[....#..##
...).....§○.§○§○[..........#
#...#....[o.§☼oY[..........#
........[.>..°.Y§o........##
.........)..).§o@o..#.#.#.##
...............o...........#
.##......[.................#
###.#...............#.....##
#.........................#
#........................##
##..##.##..##.#...##.##.##
########################


You could see an orc warlord, 5 orc warriors, an orc wizard (fast, strong), 2
orcs and 2 friendly ice beasts.

Vanquished Creatures
  An orc warlord (Orc:2)
  3 boulder beetles
  A catoblepas (Lair:6)
  2 orc high priests (Orc:2)
  An unseen horror (D:10)
  2 orc sorcerers (Orc:2)
  5 oklob plants (Lair:5)
  An ugly thing (D:11)
  A cyclops (D:10)
  A black mamba (Lair:5)
  An elephant (Lair:5)
  3 cane toads
  A merfolk siren (Lair:3)
  Maggie (D:6)
  A rime drake (Lair:6)
  4 komodo dragons
  A troll (Orc:2)
  3 blink frogs
  A dream sheep (Lair:4)
  Sigmund (D:5)
  A wyvern (Lair:3)
  A basilisk (Lair:6)
  31 yaks
  2 wargs (Orc:2)
  13 water moccasins
  4 ice beasts
  12 orc warriors
  2 black bears
  3 sky beasts
  An eye of draining (D:3)
  11 wolves
  7 centaurs
  2 ogres
  8 bullfrogs
  3 scorpions
  A water moccasin skeleton (D:10)
  4 wights
  An electric eel (Lair:3)
  3 howler monkeys
  A bullfrog zombie (D:7)
  5 jellies
  3 bullfrog skeletons (D:4)
  9 orc wizards
  9 orc priests
  Crazy Yiuf (D:3)
  2 hounds (D:9)
  5 hell rats (Lair:6)
  5 iguanas
  8 worker ants
  A hound skeleton (D:4)
  A worker ant zombie (D:5)
  9 adders
  12 gnolls
  A shadow imp (D:10)
  3 white imps
  2 ufetubi
  An ooze (D:3)
  A worm (D:2)
  5 dart slugs
  2 leopard geckos
  65 orcs
  4 giant cockroaches
  7 goblins
  11 hobgoblins
  23 jackals
  5 quokkas
  2 ball pythons
  4 bats
  4 frilled lizards
  2 jackal skeletons
  10 kobolds
  2 leopard gecko skeletons
  2 leopard gecko zombies
  7 rats
379 creatures vanquished.

Vanquished Creatures (collateral kills)
  Rupert (Lair:4)
  Gastronok (Lair:2)
  An orc warlord (Orc:2)
  4 hydras
  An orc high priest (Orc:1)
  An orc knight (Orc:2)
  2 elephants (Lair:5)
  4 black mambas
  5 cane toads
  A rime drake (Lair:4)
  4 komodo dragons
  4 blink frogs
  4 dream sheep (Lair:4)
  A tarantella (Lair:1)
  24 yaks
  A wyvern (Lair:3)
  A basilisk (Lair:5)
  A steam dragon (D:9)
  2 wargs
  12 water moccasins
  An orc warrior (D:9)
  A phantom (D:11)
  2 necrophages (D:9)
  A hornet zombie (D:10)
  An ogre (Orc:2)
  A centaur (D:8)
  A howler monkey (D:9)
  4 wights
  An orc priest (D:10)
  An orc wizard (Orc:2)
  A hell rat (Lair:3)
  2 iguanas
  A white imp (D:10)
  An ufetubus (D:10)
  3 orcs
  A jackal (D:11)
98 creatures vanquished.

Vanquished Creatures (others)
  50 fungi
  62 plants
112 creatures vanquished.

Grand Total: 589 creatures vanquished

Notes
Turn   | Place    | Note
-------+----------+-------------------------------------------
     0 | D:1      | KamiKatze the Merfolk Ice Elementalist began the quest for
                  | the Orb.
     0 | D:1      | Reached XP level 1. HP: 13/13 MP: 3/3
   204 | D:1      | Reached XP level 2. HP: 19/19 MP: 1/5
   683 | D:1      | Reached XP level 3. HP: 8/24 MP: 0/6
   808 | D:1      | Learned a level 3 spell: Frozen Ramparts
   812 | D:1      | Learned a level 3 spell: Ozocubu's Armour
  1022 | D:1      | Reached skill level 5 in Ice Magic
  1557 | D:2      | Reached XP level 4. HP: 26/30 MP: 4/8
  2072 | D:3      | Found an iron altar of Okawaru.
  2120 | D:3      | Reached XP level 5. HP: 15/35 MP: 5/10
  2550 | D:3      | Found a runed translucent door.
  2551 | D:3      | Noticed Crazy Yiuf
  2560 | D:3      | Killed Crazy Yiuf
  2639 | D:3      | Found a bloodstained altar of Trog.
  2639 | D:3      | Noticed an eye of draining
  2862 | D:3      | Found a blossoming altar of Fedhas.
  3391 | D:3      | Killed an eye of draining
  3392 | D:3      | Reached XP level 6. HP: 41/41 MP: 0/12
  3474 | D:3      | Found a shimmering blue altar of Sif Muna.
  3503 | D:4      | Found a bloodstained altar of Trog.
  3999 | D:4      | Reached XP level 7. HP: 44/46 MP: 10/14
  4007 | D:4      | Reached skill level 5 in Spellcasting
  4039 | D:4      | Found Kofe Voemn's Gadget Emporium.
  4161 | D:4      | Learned a level 4 spell: Hailstorm
  4168 | D:4      | Learned a level 4 spell: Summon Ice Beast
  4245 | D:4      | Found a runed translucent door.
  4250 | D:4      | Noticed feorh's ghost (amateur TrBe)
  4458 | D:5      | Entered Level 5 of the Dungeon
  4469 | D:5      | Found a shimmering altar of Xom.
  4480 | D:5      | Found a shimmering altar of Xom.
  4537 | D:5      | Found a staircase to the Ecumenical Temple.
  4541 | Temple   | Entered the Ecumenical Temple
  4664 | Temple   | Became a worshipper of Vehumet
  5341 | D:5      | Reached skill level 1 in Summonings
  6230 | D:5      | Found an ornate altar of the Wu Jian Council.
  6287 | D:5      | Reached skill level 1 in Conjurations
  6451 | D:5      | Found a snail-covered altar of Cheibriados.
  6521 | D:5      | Reached * piety under Vehumet
  6521 | D:5      | Offered knowledge of Magic Dart by Vehumet.
  6524 | D:5      | Reached XP level 8. HP: 35/52 MP: 12/16
  6679 | D:5      | Noticed Sigmund
  6685 | D:5      | Killed Sigmund
  6686 | D:5      | Reached skill level 1 in Evocations
  7229 | D:6      | Got a pair of heavily runed gloves
  7235 | D:6      | Identified the cursed -2 pair of gloves of the Other World
                  | {Harm Will+ Str+4} (You found it on level 6 of the Dungeon)
  7303 | D:6      | Found a sparkling altar of Nemelex Xobeh.
  7558 | D:6      | Noticed Maggie
  7621 | D:6      | Killed Maggie
  7622 | D:6      | Reached XP level 9. HP: 42/57 MP: 12/19
  8048 | D:7      | Learned a level 1 spell: Magic Dart
  8444 | D:7      | Found Baf Elug's Antique Armour Boutique.
  8941 | D:7      | Offered knowledge of Searing Ray by Vehumet.
  9020 | D:8      | Reached ** piety under Vehumet
  9053 | D:8      | Found a glowing silver altar of Zin.
  9226 | D:8      | Reached skill level 10 in Ice Magic
  9682 | D:8      | Found a shadowy altar of Dithmenos.
 10138 | D:8      | Found a burning altar of Makhleb.
 10271 | D:9      | Found a stormy altar of Qazlal.
 10293 | D:9      | Reached XP level 10. HP: 63/63 MP: 6/21
 10706 | D:9      | Found a broken altar of Ashenzari.
 10892 | D:9      | Found a sparkling altar of Nemelex Xobeh.
 10914 | D:9      | Offered knowledge of Inner Flame by Vehumet.
 10989 | D:9      | Found a staircase to the Lair.
 11013 | D:9      | Reached skill level 1 in Fighting
 11238 | D:9      | Reached *** piety under Vehumet
 11307 | D:9      | Learned a level 6 spell: Freezing Cloud
 11409 | D:9      | Found a roughly hewn altar of Beogh.
 11466 | D:10     | Entered Level 10 of the Dungeon
 11879 | D:10     | Offered knowledge of Iskenderun's Mystic Blast by Vehumet.
 12173 | D:10     | Reached skill level 1 in Air Magic
 12374 | D:10     | Noticed a cyclops
 12380 | D:10     | Found a staircase to the Orcish Mines.
 12514 | D:10     | Killed an unseen horror
 12515 | D:10     | Reached skill level 5 in Summonings
 12528 | D:10     | Reached **** piety under Vehumet
 12694 | D:10     | Killed a cyclops
 13356 | D:11     | Noticed a green ugly thing
 13371 | D:11     | Killed a green ugly thing
 13372 | D:11     | Reached XP level 11. HP: 62/74 MP: 9/23
 13385 | D:11     | Noticed a boulder beetle
 13385 | D:11     | Noticed a white ugly thing
 13385 | D:11     | Noticed a two-headed ogre
 13417 | D:11     | Killed a boulder beetle
 13418 | D:11     | Reached skill level 5 in Dodging
 13643 | Lair:1   | Entered Level 1 of the Lair of Beasts
 13649 | Lair:1   | Identified a scroll of acquirement
 13649 | Lair:1   | Acquired an uncursed staff of conjuration
 13709 | Lair:1   | Got a distressingly furry ring mail
 13749 | Lair:1   | Offered knowledge of Olgreb's Toxic Radiance by Vehumet.
 14634 | Lair:2   | Found a hole to the Spider Nest.
 14639 | Lair:2   | Noticed a four-headed hydra
 14644 | Lair:2   | Noticed Gastronok
 14664 | Lair:1   | Killed a four-headed hydra
 15016 | Lair:2   | Killed Gastronok
 15404 | Lair:2   | Reached skill level 5 in Conjurations
 15866 | Lair:2   | Reached skill level 10 in Spellcasting
 15866 | Lair:2   | Reached XP level 12. HP: 83/83 MP: 26/26
 16597 | Lair:3   | Reached ***** piety under Vehumet
 16845 | Lair:3   | Noticed a boulder beetle
 16902 | Lair:3   | Offered knowledge of Fulminant Prism by Vehumet.
 16925 | Lair:3   | Killed a boulder beetle
 17409 | Lair:3   | Found a staircase to the Shoals.
 18027 | Lair:4   | Reached skill level 5 in Air Magic
 18215 | Lair:4   | Reached skill level 1 in Polearms
 18752 | Lair:4   | Noticed Rupert
 18792 | Lair:4   | Paralysed by Rupert for 7 turns
 18815 | Lair:4   | HP: 4/83 [Rupert/+1 great mace of protection (36)]
 18818 | Lair:4   | Killed Rupert
 19071 | Lair:4   | Learned a level 6 spell: Iron Shot
 19293 | Lair:5   | Reached skill level 1 in Earth Magic
 19461 | Lair:5   | Noticed Luam's ghost (journeyman OpFi)
 19526 | Lair:5   | Noticed a six-headed hydra
 19676 | Lair:5   | Killed a six-headed hydra
 19780 | Lair:5   | Found a transporter.
 19782 | Lair:5   | Found a transporter.
 19937 | Lair:5   | Noticed a boulder beetle
 19984 | Lair:5   | Killed a boulder beetle
 20218 | Lair:5   | Reached XP level 13. HP: 90/90 MP: 28/28
 20220 | Lair:5   | Found a staircase to the Slime Pits.
 20467 | Lair:5   | Reached skill level 5 in Fighting
 21072 | Lair:6   | Entered Level 6 of the Lair of Beasts
 22696 | Lair:6   | Acquired the ring of the Bull {rElec rF+ Str-2 Int+4
                  | Stlth+}
 22992 | Lair:1   | Identified the +4 ring mail of Compassion {+Inv Will- Int+8
                  | Dex-5} (You found it on level 1 of the Lair of Beasts)
 23107 | Orc:1    | Entered Level 1 of the Orcish Mines
 23107 | Orc:1    | Found Oxuephad's Jewellery Emporium.
 23347 | Orc:2    | Entered Level 2 of the Orcish Mines
 23347 | Orc:2    | Found a staircase to the Elven Halls.
 23358 | Orc:2    | Noticed an orc warlord
 23374 | Orc:2    | Killed an orc warlord
 23375 | Orc:2    | Reached skill level 5 in Earth Magic
 23969 | Orc:2    | Found Viuvauphul's Jewellery Shoppe.
 24114 | Orc:2    | Noticed an orc warlord
 24132 | Orc:2    | Killed an orc warlord
 24380 | Orc:2    | Noticed an orc warlord
 24462 | Orc:2    | Reached XP level 14. HP: 37/98 MP: 18/30
 24714 | Orc:2    | Slain by an orc warrior

Illustrated notes

Levels and vault maps discovered:
D:1:      wheals_arrival_linesprint, layout_loops_ring
D:2:      layout_loops_cross
D:3:      layout_rooms, led_sif_pool, marbit_many_paths, old_standard_altar,
          serial_bayou, serial_bayou_pond_c, serial_bayou_pond_e,
          serial_bayou_pond_a, serial_bayou_pond_c, trog_eyes_of_draining,
          uniq_crazy_yiuf_cottage
D:4:      layout_rooms, kennysheep_little_box, ebering_ghost_sewer_d,
          serial_shops, shop, kennysheep_generic_room_2
D:5:      layout_gridville, overflow_temple_1_default, cheibriados_altar_1,
          xom_redecorated, minmay_temple_entry_proselytizer,
          chequers_decorated_corner, kennysheep_generic_room_16, uniq_sigmund
D:6:      layout_loops_ring, basic_altar, uniq_maggie
D:7:      layout_loops_ring, serial_shops, shop
D:8:      layout_loops_corners, overflow_temple_1_default,
          overflow_temple_1_default, kennysheep_mini_moat
D:9:      layout_roguey, grunt_qazlal_clouds, overflow_temple_1_default,
          lemuel_round_altar, david_lair_shrubbed, special_room
          [special_room_orc]
D:10:     layout_basic, david_orc_3
D:11:     layout_rooms, minmay_hedge_maze
Temple:   nicolae_temple_figure_zero
Lair:1:   layout_chaotic_city
Lair:2:   layout_misc_corridors, spider_nest_entry_rubble, grunt_megastairs_2,
          uniq_gastronok
Lair:3:   layout_regular_city, minmay_shoals_entry_lonely_mermaid,
          serial_bayou_pond_b, guppyfry_lair_drakes
Lair:4:   layout_cave_pods, uniq_rupert
Lair:5:   layout_big_grid, minmay_slime_entry_oklob_enclosed,
          gammafunk_ghost_hive, infiniplex_staircase_pool
Lair:6:   due_jungle_book, layout_regular_city, chequers_serial_rivers_large_b
Orc:1:    layout_diamond_mine, serial_shops, shop, nooodl_orcs_dogs, uniq_erica
Orc:2:    grunt_orc_gardens, layout_caves, grunt_orc_garden, grunt_orc_garden,
          grunt_orc_garden, grunt_orc_garden

Skill      XL: |  1  2  3  4  5  6  7  8  9 10 11 12 13 |
---------------+----------------------------------------+-----
Dodging        | 3 4 6 |  6.6
Ice Magic      | 5 6 7 9 10 11 12 | 12.6
Spellcasting   | 3 4 5 6 7 8 10 11 12 | 12.1
Summonings     | 1 3 4 5 6 7 |  7.0
Conjurations   | 1 2 3 4 5 6 7 |  7.2
Evocations     | 2 |  2.0
Fighting       | 2 4 5 |  5.5
Stealth        | 4 |  4.0
Air Magic      | 2 4 5 |  5.5
Polearms       | 4 |  4.0
Earth Magic    | 2 5 |  5.4

Action                   |  1- 3 |  4- 6 |  7- 9 | 10-12 | 13-15 || total
-------------------------+-------+-------+-------+-------+-------++-------
Melee: Unarmed           |     4 |       |       |       |       ||     4
       Club              |    11 |       |       |       |       ||    11
       Dagger            |    67 |   146 |   179 |       |       ||   392
       Mace              |       |       |    44 |       |       ||    44
       Spear             |       |       |    64 |   326 |   129 ||   519
       Staff             |       |       |       |     4 |       ||     4
Throw: Dart              |       |     3 |       |       |       ||     3
 Cast: Freeze            |    43 |    20 |    40 |    43 |     3 ||   149
       Frozen Ramparts   |       |    11 |    47 |    60 |    20 ||   138
       Ozocubu's Armour  |       |       |     4 |    15 |     4 ||    23
       Summon Ice Beast  |       |       |     4 |   115 |    50 ||   169
       Hailstorm         |       |       |     4 |    21 |     3 ||    28
       Freezing Cloud    |       |       |       |     3 |    53 ||    56
Evoke: Wand              |       |       |     4 |     6 |       ||    10
  Use: Scroll            |       |       |    14 |    14 |     4 ||    32
       Potion            |       |       |     2 |     5 |       ||     7
 Stab: Sleeping          |     4 |     3 |     4 |     6 |       ||    17
       Distracted        |       |       |       |     6 |     3 ||     9
Armor: Robe              |    12 |    33 |    96 |    67 |    27 ||   235
Dodge: Dodged            |    67 |   107 |   232 |   377 |    80 ||   863
